 Dungeon Crawl Stone Soup version 0.31-a0-1074-g0b22e4e0f1 (webtiles) character file.

Game seed: 14129065376696772370

16941 BigDaddyOpFi the Grappler (level 12, -3/118 HPs)
             Began as a Troll Shapeshifter on Dec 4, 2023.
             Was an Elder of Qazlal.
             Slain by a cyan ugly thing (17 damage)
             ... on level 12 of the Dungeon.
             The game lasted 00:17:41 (10931 turns).

BigDaddyOpFi the Grappler (Troll Shapeshifter)     Turns: 10931, Time: 00:17:42

Health: -3/118     AC: 10    Str: 29    XL:     12   Next: 14%
Magic:  17/17      EV: 10    Int: 12    God:    Qazlal [****..]
Gold:   1899       SH:  0    Dex:  9    Spells: 11/11 levels left

rFire   . .          .
                       - Unarmed
rCold   . . .        m - +0 kite shield
rNeg    . . .        h - +3 steam dragon scales
rPois   +            (helmet currently unavailable)
rElec   .            w - melded +1 cloak
rCorr   .            (gloves unavailable)
SInv    .            (boots unavailable)
Will    .....        (no amulet)
Stlth   +            i - ring of poison resistance
HPRegen 1.19/turn    p - +6 ring of intelligence
MPRegen 0.15/turn

%: repel missiles
@: confused, beast-form, ambrosia-drunk
A: beast (slay +4), large, unfitting armour, claws 3, regeneration 1, shaggy fur
1, tough skin 1
a: Begin Untransformation, Renounce Religion, Upheaval, Elemental Force


You were on level 12 of the Dungeon.
You worshipped Qazlal.
Qazlal was greatly pleased with you.
You were a hulking beast.
You visited 2 branches of the dungeon, and saw 13 of its levels.
You also visited: Ossuary and Bailey.

You collected 1899 gold pieces.

Inventory:

Hand Weapons
 e - a +1 giant spiked club of venom
 y - a +0 broad axe
 E - a +0 flail
Armour
 a - a +2 animal skin
 h - +3 steam dragon scales (worn)
 m - a +0 kite shield (worn)
 t - a +0 troll leather armour
 w - a +1 cloak (melded)
 B - a +2 pair of gloves of dexterity
Jewellery
 i - a ring of poison resistance (left claw)
 p - a +6 ring of intelligence (right claw)
 q - a ring of magical power
Talismans
 c - a beast talisman (active)
 d - a flux talisman
 o - a blade talisman
Wands
 A - a wand of flame (20)
Scrolls
 j - 3 scrolls of teleportation
 n - 2 scrolls of vulnerability
 x - a scroll of fear
 F - a scroll of summoning
 G - 2 scrolls of amnesia
Potions
 b - a potion of attraction
 f - 3 potions of enlightenment
 g - 4 potions of brilliance
 l - 2 potions of invisibility
 r - a potion of haste
 v - 4 potions of degeneration
Miscellaneous
 D - a lightning rod (4/4)


   Skills:
 + Level 7.3 Fighting
 + Level 7.5 Dodging
 + Level 9.2 Unarmed Combat
 * Level 9.0 Invocations
 + Level 9.0 Shapeshifting


You had 11 spell levels left.
You didn't know any spells.
Your spell library contained the following spells:

 Spells                   Type           Power      Damage    Failure   Level
 Frozen Ramparts          Ice            0%         1d1       91%         3
 Gell's Gravitas          Tloc           0%         N/A       91%         3
 Ozocubu's Armour         Ice            0%         N/A       91%         3
 Teleport Other           Tloc           0%         N/A       91%         3
 Anguish                  Hex/Necr       0%         N/A       100%        4
 Cause Fear               Hex            0%         N/A       100%        4
 Petrify                  Tmut/Erth      0%         N/A       100%        4
 Metabolic Englaciation   Hex/Ice        0%         N/A       100%        5
 Conjure Ball Lightning   Conj/Air       0%         3x3d6     100%        6
 Dispersal                Tloc           0%         N/A       100%        6
 Enfeeble                 Hex            0%         N/A       100%        7
 Ozocubu's Refrigeration  Ice            0%         4d7       100%        7
 Discord                  Hex            0%         N/A       100%        8
 Disjunction              Tloc           0%         N/A       100%        8


Dungeon Overview and Level Annotations

Branches:
Dungeon (12/15)            Temple (1/1) D:6            Lair (0/5) D:10
    Orc (0/2) D:9         Ossuary (visited)          Bailey (visited)

Altars:
Ashenzari
Cheibriados
Dithmenos
Elyvilon
Fedhas
Gozag
Hepliaklqana
Kikubaaqudgha
Makhleb
Nemelex Xobeh
Okawaru
Qazlal
Ru
Sif Muna
Trog
Uskayaw
Vehumet
Wu Jian
Xom
Yredelemnul
Zin
The Shining One

Shops:
D:9 :

Annotations:
D:7 2 transporters, Sundig's ghost, novice VSFi
D:9 2 transporters, Stellion's ghost, journeyman OgHW


Innate Abilities, Weirdness & Mutations

You are a hulking beast.
Your limbs bulge with bestial killing power. (Slay +4)
You are too large for most types of armour.
You have claws for hands.
Your natural rate of healing is unusually fast.
You are covered in fur. (AC +1)
You have tough skin. (AC +1)


Message History

The tengu warrior is engulfed in a thunderstorm.
As you read the scroll of teleportation, it crumbles to dust.
You feel strangely unstable.
You hear a shout!
The manticore is engulfed in blazing flames.
You feel better.
The tengu warrior cries, "Help!"
You feel better.
The orc warrior shouts!
Okay, then.
Items here: ( )) ††.
Your surroundings suddenly seem different.
A cyan ugly thing comes into view.
The cyan ugly thing gurgles horribly!
You mangle the cyan ugly thing!!
The cyan ugly thing is moderately wounded.
You block the cyan ugly thing's attack.
You scratch the cyan ugly thing.
The cyan ugly thing is moderately wounded.
You hear an angry buzzing noise.
The cyan ugly thing closely misses you.
You hear an angry buzzing noise.
You closely miss the cyan ugly thing.
The cyan ugly thing is moderately wounded.
The cyan ugly thing bites you!
* * * LOW HITPOINT WARNING * * *
The cyan ugly thing shocks you!
* * * LOW HITPOINT WARNING * * *
You mangle the cyan ugly thing!!
The cyan ugly thing is severely wounded.
You block the cyan ugly thing's attack.
You are confused.
You feel invigorated.
The cyan ugly thing completely misses you.
You hear an angry buzzing noise.
The cyan ugly thing attacks as it pursues you!
The cyan ugly thing bites you!
* * * LOW HITPOINT WARNING * * *
The cyan ugly thing shocks you!
You die...

# #....#
# #....#
# #....#
.#######
#....###
........
#......#
........
#..°...#
....H...
#..○...#
......u.
#hu.#
........
#+###
#+####..
#.. #..
+.. #..
#.. #..
#..


You could see a cyan ugly thing.

Vanquished Creatures
  Snorg (D:11)
  Josephine (D:10)
  The ghost of SecretSquirrel the Cleaver, a novice MiFi of Okawaru (D:8)
  A two-headed ogre (D:11)
  A boulder beetle (D:12)
  An orc knight (Bailey)
  A manticore (D:12)
  3 cyclopes
  A gargoyle (D:10)
  Maggie (D:7)
  A kobold demonologist (D:8)
  Psyche (D:9)
  A komodo dragon (D:10)
  2 unseen horrors
  4 trolls
  A hornet (D:10)
  A vampire (D:11)
  9 yaks
  2 shadows
  A wyvern (D:9)
  7 wraiths
  Grum (D:10)
  6 vampire mosquitoes (D:10)
  Menkaure (D:6)
  8 orc warriors
  A sky beast (D:6)
  4 ice beasts
  4 wolves (D:10)
  2 ogres (D:6)
  5 centaurs
  A phantom (D:7)
  10 kobold brigands
  2 bullfrogs
  A gnoll sergeant (D:7)
  3 scorpions (D:5)
  5 wights (D:8)
  5 killer bees (D:10)
  5 howler monkeys
  A jelly (D:7)
  3 gnoll boudas
  7 orc priests
  2 hounds
  2 iguanas
  A sleepcap (D:7)
  9 orc wizards
  9 mummies
  24 gnolls
  10 adders
  3 white imps
  2 ufetubi (D:6)
  A worm (D:2)
  40 orcs
  7 ball pythons
  5 endoplasms
  A giant cockroach (D:1)
  3 gnoll zombies (Ossuary)
  13 goblins
  7 hobgoblins
  7 jackals
  3 quokkas
  7 bats
  A frilled lizard (D:2)
  3 hobgoblin zombies
  27 kobolds
  2 kobold zombies
  2 orc zombies (Ossuary)
  5 rats
313 creatures vanquished.

Notes
Turn   | Place    | Note
-------+----------+-------------------------------------------
     0 | D:1      | BigDaddyOpFi the Troll Shapeshifter began the quest for the
                  | Orb.
     0 | D:1      | Reached XP level 1. HP: 18/18 MP: 0/0
    27 | D:1      | Reached skill level 1 in Fighting
    82 | D:1      | Reached XP level 2. HP: 27/27 MP: 1/1
   558 | D:2      | Reached XP level 3. HP: 29/33 MP: 2/2
   732 | D:2      | Reached XP level 4. HP: 42/42 MP: 3/3
  2043 | D:4      | Reached XP level 5. HP: 49/49 MP: 4/4
  2642 | D:5      | Entered Level 5 of the Dungeon
  2720 | D:5      | Reached XP level 6. HP: 58/59 MP: 5/5
  2792 | D:5      | Noticed an ice beast
  2803 | D:5      | Killed an ice beast
  2916 | D:5      | Noticed an ice beast
  2923 | D:5      | Killed an ice beast
  2924 | D:5      | Reached XP level 7. HP: 65/67 MP: 6/6
  2950 | D:5      | HP: 3/67 [gnoll bouda/+0 club (5)]
  3358 | D:5      | Reached skill level 5 in Unarmed Combat
  3413 | D:5      | Reached skill level 5 in Shapeshifting
  4038 | D:6      | Found a sand-covered staircase.
  4043 | Ossuary  | Entered an ossuary
  4777 | D:6      | Reached XP level 8. HP: 55/78 MP: 7/7
  5325 | D:6      | Noticed Menkaure
  5328 | D:6      | Killed Menkaure
  5411 | D:6      | Found a staircase to the Ecumenical Temple.
  5429 | Temple   | Entered the Ecumenical Temple
  5455 | Temple   | Became a worshipper of Qazlal Stormbringer
  5672 | D:7      | Reached skill level 1 in Invocations
  5772 | D:7      | Reached XP level 9. HP: 77/85 MP: 9/9
  5800 | D:7      | HP: 4/85 [gnoll/+0 halberd[a gnoll bouda] (12)]
  6080 | D:7      | Noticed Sundig's ghost (novice VSFi)
  6081 | D:7      | Noticed a boulder beetle
  6105 | D:7      | Noticed a purple ugly thing
  6161 | D:7      | Reached * piety under Qazlal
  6198 | D:7      | Found a transporter.
  6200 | D:7      | Found a transporter.
  6208 | D:7      | Noticed Maggie
  6219 | D:7      | Killed Maggie
  6220 | D:7      | Reached skill level 5 in Dodging
  6536 | D:8      | Noticed a kobold demonologist
  6544 | D:8      | Killed a kobold demonologist
  6545 | D:8      | Reached skill level 5 in Fighting
  6720 | D:8      | Reached ** piety under Qazlal
  6888 | D:8      | Found a runed translucent door.
  6892 | D:8      | Noticed SecretSquirrel's ghost (novice MiFi)
  6915 | D:8      | Killed SecretSquirrel's ghost
  6916 | D:8      | Reached XP level 10. HP: 73/96 MP: 12/12
  7130 | D:9      | Found a transporter.
  7136 | D:9      | Noticed Stellion's ghost (journeyman OgHW)
  7136 | D:9      | Noticed a moth of wrath
  7165 | D:9      | Found a transporter.
  7170 | D:9      | Noticed an ice dragon
  7291 | D:9      | Found a glowing golden altar of the Shining One.
  7295 | D:9      | Found an ornate altar of the Wu Jian Council.
  7318 | D:9      | Reached skill level 5 in Invocations
  7528 | D:9      | Found a staircase to the Orcish Mines.
  7555 | D:9      | Found a flagged portal.
  7571 | Bailey   | Entered a bailey
  7895 | Bailey   | Noticed an orc knight
  7907 | Bailey   | Reached *** piety under Qazlal
  7908 | Bailey   | Found an iron altar of Okawaru.
  7914 | Bailey   | Killed an orc knight
  8215 | D:9      | Noticed Psyche
  8227 | D:9      | Killed Psyche
  8345 | D:9      | Found a basalt altar of Yredelemnul.
  8377 | D:9      | Found Turria's Tremendous Tomes.
  8466 | D:10     | Entered Level 10 of the Dungeon
  8544 | D:10     | Found an ancient bone altar of Kikubaaqudgha.
  8571 | D:10     | Noticed a gargoyle
  8573 | D:10     | Found a staircase to the Lair.
  8578 | D:10     | Killed a gargoyle
  8675 | D:10     | Reached XP level 11. HP: 69/105 MP: 15/15
  8973 | D:10     | Noticed Josephine
  8994 | D:10     | Killed Josephine
  9132 | D:10     | Found a runed translucent door.
  9407 | D:10     | Noticed Grum
  9413 | D:10     | Killed Grum
  9415 | D:10     | Reached **** piety under Qazlal
  9582 | D:11     | Noticed Snorg
  9597 | D:11     | Killed Snorg
  9798 | D:11     | Noticed a two-headed ogre
  9807 | D:11     | Killed a two-headed ogre
 10054 | D:11     | Found a sparkling altar of Nemelex Xobeh.
 10831 | D:12     | Noticed a red ugly thing
 10880 | D:12     | Noticed a boulder beetle
 10886 | D:12     | Reached XP level 12. HP: 81/118 MP: 17/17
 10886 | D:12     | Killed a boulder beetle
 10912 | D:12     | Noticed a tengu warrior
 10919 | D:12     | HP: 5/118 [tengu warrior/+0 glaive (16)]
 10931 | D:12     | Slain by a cyan ugly thing

Illustrated notes

Levels and vault maps discovered:
D:1:      lightli_molten_gateway, layout_rooms
D:2:      layout_basic
D:3:      layout_basic, hangedman_feature_mirror
D:4:      layout_loops_cross
D:5:      layout_loops_ring, serial_bayou_lagoon_a
D:6:      layout_gridville, minmay_temple_entry_offerings,
          nicolae_ossuary_entry_giza, chequers_serial_rivers_micro_d,
          uniq_menkaure
D:7:      layout_loops_cross, nzn_ghost_randoct, uniq_maggie
D:8:      layout_basic, gammafunk_ghost_grave
D:9:      layout_gridville, minitemple, orc_0_dummy, enter_bailey_3,
          gammafunk_ghost_berserking_beasts, nicolae_shop_i_like_big_books,
          serial_bayou_crossing, uniq_psyche
D:10:     layout_loops_ring, kiku_gazebo_garden_becter, lair_entry_dummy,
          minmay_st_funbox, uniq_josephine, uniq_grum
D:11:     layout_roguey, nemelex_lonely_heart_becter, uniq_snorg
D:12:     layout_gridville, grunt_dithmenos_shadows
Temple:   regret_index_temple_chain_breaker

Skill      XL: |  1  2  3  4  5  6  7  8  9 10 11 12 |
---------------+-------------------------------------+-----
Fighting       | 1 2 3 4 5 6 7 |  7.3
Dodging        | 2 3 4 5 6 7 |  7.5
Unarmed Combat | 4 5 6 7 8 9 |  9.2
Shapeshifting  | 4 5 6 7 8 9 |  9.0
Invocations    | 1 4 6 8 9 |  9.0

Action                     |  1- 3 |  4- 6 |  7- 9 | 10-12 || total
---------------------------+-------+-------+-------+-------++-------
  Melee: Unarmed           |    73 |   146 |   314 |   346 ||   879
         Punch             |       |     6 |     5 |       ||    11
 Invoke: Upheaval          |       |       |       |     3 ||     3
Ability: Begin Untransform |       |       |     1 |       ||     1
  Evoke: Wand              |       |       |    13 |     3 ||    16
    Use: Scroll            |       |     4 |     9 |    12 ||    25
         Potion            |       |     1 |    14 |    14 ||    29
   Stab: Sleeping          |     1 |     1 |       |       ||     2
         Invisible         |       |       |     1 |     4 ||     5
 Armour: Animal skin       |    42 |    75 |   238 |       ||   355
         Skin              |       |     5 |    49 |     7 ||    61
         Steam dragon scal |       |       |    44 |   278 ||   322
  Dodge: Dodged            |    25 |    63 |   179 |   148 ||   415
         Repelled          |       |       |       |     2 ||     2
  Block: Kite shield       |       |       |    43 |   224 ||   267
   Form: Beast             |     1 |       |     1 |       ||     2

Table legend: (Time is in decaauts)
 A = Elapsed time spent in this place.
 B = Non-inter-level travel time spent in this place.
 C = Inter-level travel time spent in this place.
 D = Time resting spent in this place.
 E = Time spent auto-exploring this place.
 F = Levels seen in this place.
 G = Mean time per level.
                   A        B        C        D        E       F      G
               +--------+--------+--------+--------+--------+-----+--------+
         Total |  10868 |  10526 |    342 |   2493 |   5629 |  15 |  724.5 |
       Dungeon |   9563 |   9221 |    342 |   1659 |   5628 |  12 |  796.9 |
        Temple |     44 |     44 |      0 |      0 |      0 |   1 |   44.0 |
       Ossuary |    708 |    708 |      0 |    475 |      1 |   1 |  708.0 |
        Bailey |    551 |    551 |      0 |    359 |      0 |   1 |  551.0 |
               +--------+--------+--------+--------+--------+-----+--------+

Top non-repeatable levels by time:
    D:11: 1274 daAuts
     D:5: 1041 daAuts
     D:3: 1041 daAuts
    D:10: 1032 daAuts
     D:4: 1027 daAuts
     D:7: 869 daAuts
     D:6: 826 daAuts
     D:9: 783 daAuts
 Ossuary: 708 daAuts
     D:8: 615 daAuts
  Bailey: 551 daAuts
     D:2: 547 daAuts
     D:1: 354 daAuts
    D:12: 150 daAuts
  Temple: 44 daAuts
